[Event "Early-Titled-Tuesday-Blitz-March-19-2024"]
[Site "Chess.com"]
[Date "2024.03.19"]
[Round "4"]
[White "microbear"]
[Black "jup1978"]
[Result "1-0"]
[WhiteElo "2334"]
[BlackElo "2513"]
[TimeControl "180+1"]
[EndTime "8:38:06 PDT"]
[Termination "microbear won by resignation"]

1. e3 g6 2. f4 Bg7 3. Nf3 b6 4. d4 Bb7 5. Bd3 d6 6. O-O Nd7 7. c3 e6 8. Bd2 Ne7 9. Be1 c5 10. Bh4 Bf6 11. Bxf6 Nxf6 12. Nbd2 Qc7 13. Qe1 O-O-O 14.
Qh4 Nfd5 15. e4 Ne3 16. Rfe1 c4 17. Bb1 Nxg2 18. Kxg2 f5 19. Kf2 h6 20. Qf6 Kb8 21. Qxe6 fxe4 22. Nxe4 Nf5 23. Nf6 Rhf8 24. Bxf5 gxf5 25.
d5 Qc5+ 26. Nd4 a6 27. Kf1 Bc8 28. Nc6+ Ka8 29. Nxd8 Bxe6 30. Nxe6 Qb5 31. Nc7+ 1-0

[Event "Early-Titled-Tuesday-Blitz-March-19-2024"]
[Site "Chess.com"]
[Date "2024.03.19"]
[Round "4"]
[White "Vladimir_Zakhartsov"]
[Black "le-castor-faineant"]
[Result "1-0"]
[WhiteElo "3005"]
[BlackElo "2292"]
[TimeControl "180+1"]
[EndTime "8:38:07 PDT"]
[Termination "Vladimir_Zakhartsov won on time"]

1. d4 Nf6 2. c4 g6 3. Nc3 Bg7 4. e4 d6 5. h3 Nbd7 6. Be3 c5 7. d5 b5 8. cxb5 a6 9. a4 axb5 10. Bxb5 Ba6 11. Nf3 Bxb5 12. axb5 O-O 13. O-O Nb6 14. Qe2 Nfd7 15. Nd2 Qc7 16. Ra6 Nb8 17. Rxa8 Nxa8 18. Nc4 Nb6 19. Ra1 N8d7 20. Na5 Ra8 21. Qe1 Ne5 22. Nc6 Nec4 23. Rxa8+ Nxa8 24. Qa1 Nab6 25. Na4 h5 26. Nxb6 Nxb6 27. Qa2 Kh7 28. b3 Qb7 29. Qa6 Qc7 30. Bd2 e6 31. Ba5 exd5 32. Qxb6 1-0

[Event "Early-Titled-Tuesday-Blitz-March-19-2024"]
[Site "Chess.com"]
[Date "2024.03.19"]
[Round "4"]
[White "Winner_7777"]
[Black "Sam_ChessMood"]
[Result "0-1"]
[WhiteElo "2643"]
[BlackElo "2938"]
[TimeControl "180+1"]
[EndTime "8:38:13 PDT"]
[Termination "Sam_ChessMood won by resignation"]

1. d4 Nf6 2. c4 g6 3. Nc3 Bg7 4. e4 d6 5. Be2 O-O 6. Be3 a5 7. g4 a4 8. g5 Nh5 9. Bxh5 gxh5 10. Qxh5 a3 11. b3 c5 12. Nge2 Nc6 13. Rd1 cxd4 14. Rxd4 Qa5 15. Kd2 Nxd4 16. Bxd4 e5 17. Be3 b5 18. b4 Qxb4 19. Rb1 Qxc4 20. Nd5 Qxa2+ 21. Kc1 Be6 22. Nf6+ Bxf6 23. gxf6 Rac8+ 24. Kd1 Qc2+ 25. Ke1 Qxb1+ 26. Nc1 Rxc1+ 27. Ke2 Qc2+ 28. Bd2 Qd1+ 0-1

[Event "Early-Titled-Tuesday-Blitz-March-19-2024"]
[Site "Chess.com"]
[Date "2024.03.19"]
[Round "4"]
[White "GOGIEFF"]
[Black "ChessQueen"]
[Result "1-0"]
[WhiteElo "3007"]
[BlackElo "2750"]
[TimeControl "180+1"]
[EndTime "8:38:14 PDT"]
[Termination "GOGIEFF won by resignation"]

1. d4 Nf6 2. c4 e6 3. Nf3 d5 4. Nc3 dxc4 5. e4 b5 6. e5 Nd5 7.
Nxb5 Nb6 8. Be2 Be7 9. O-O O-O 10. Be3 Nc6 11. a4 Na5 12. Rc1 Bb7 13. Qc2 Bc6 14. Nd2 a6 15. Nc3 Qe8 16. f4 f5 17. exf6 Rxf6 18.
Nde4 Rf8 19. Nc5 Bxc5 20. dxc5 Nxa4 21. Nxa4 Bxa4 22. Qc3 Nb3 23. Rcd1 Rb8 24. Bxc4 Qc6 25. f5 Kh8 26. f6 gxf6 27. Rxf6 Kg8 1-0

[Event "Early-Titled-Tuesday-Blitz-March-19-2024"]
[Site "Chess.com"]
[Date "2024.03.19"]
[Round "4"]
[White "Kazmin_Semyon"]
[Black "FormerProdigy"]
[Result "0-1"]
[WhiteElo "2541"]
[BlackElo "2947"]
[TimeControl "180+1"]
[EndTime "8:38:16 PDT"]
[Termination "FormerProdigy won by resignation"]

1. e4 c6 2. d4 d5 3. e5 Bf5 4. Nf3 e6 5. Be2 Nd7 6. O-O a5 7. a4 f6 8. exf6 Ngxf6 9. Re1 Bd6 10. Bd3 O-O 11. Bg5 Qc7 12. Nc3 Bg4 13. h3 Bxf3 14.
Qxf3 Ne4 15. Bxe4 Rxf3 16. Bxf3 e5 17. Bg4 exd4 18. Ne2 h6 19. Bh4 Ne5 20. Be6+ Kh8 21. Nxd4 Ng6 22. Nf3 Rf8 23. Ra3 Bxa3 0-1

[Event "Early-Titled-Tuesday-Blitz-March-19-2024"]
[Site "Chess.com"]
[Date "2024.03.19"]
[Round "4"]
[White "MatyChess1"]
[Black "Iball95"]
[Result "0-1"]
[WhiteElo "2659"]
[BlackElo "2897"]
[TimeControl "180+1"]
[EndTime "8:38:18 PDT"]
[Termination "Iball95 won by resignation"]

1. d4 d5 2. Bf4 Nf6 3. e3 Bf5 4. c4 e6 5. Nc3 Bb4 6. Qb3 Nc6 7. Nf3 O-O 8. cxd5 Nxd5 9. Bg5 f6 10. Bh4 Na5 11. Qd1 Nxc3 12. bxc3 Bxc3+ 13. Nd2 Bxa1 14. Qxa1 Qd5 15. Be2 Qxg2 16. Bf3 Qh3 17. Bg3 Bg4 18.
Be4 f5 19. Bd3 Qg2 20. Rf1 c5 21. Qc3 b6 22. dxc5 Rfd8 23. cxb6 axb6 24. Bc7 Rac8 25.
Qe5 Qc6 0-1

[Event "Early-Titled-Tuesday-Blitz-March-19-2024"]
[Site "Chess.com"]
[Date "2024.03.19"]
[Round "4"]
[White "pfalcon1949"]
[Black "RebecaJimnz"]
[Result "0-1"]
[WhiteElo "1969"]
[BlackElo "2261"]
[TimeControl "180+1"]
[EndTime "8:38:18 PDT"]
[Termination "RebecaJimnz won by resignation"]

1. e4 c5 2. Nf3 Nc6 3. d4 cxd4 4. Nxd4 g6 5. c4 Bg7 6. Be3 Nf6 7. Nc3 Ng4 8. Qxg4 Nxd4 9. Qd1 Ne6 10. Bd3 Bxc3+ 11.
bxc3 Qa5 12. Qd2 b6 13. O-O Ba6 14. Rac1 Rc8 15. Qe2 Nc5 16. Bb1 Na4 17. Bd2 Bxc4 18. Bd3 Qa6 19. Bxc4 Qxc4 20. Qf3 O-O 21. Bh6 Rfd8 22.
Rfd1 d6 23. e5 dxe5 24. Qb7 Nxc3 25. Rxd8+ Rxd8 26. Qxe7 Ne2+ 27. Kh1 Qxc1+ 0-1

[Event "Early-Titled-Tuesday-Blitz-March-19-2024"]
[Site "Chess.com"]
[Date "2024.03.19"]
[Round "4"]
[White "Binary010"]
[Black "Casper"]
[Result "1-0"]
[WhiteElo "2830"]
[BlackElo "2495"]
[TimeControl "180+1"]
[EndTime "8:38:19 PDT"]
[Termination "Binary010 won by resignation"]

1. e4 g6 2. d4 Bg7 3. Nc3 d6 4. f4 Nf6 5. Nf3 Bg4 6. h3 Bxf3 7. Qxf3 c5 8. dxc5 dxc5 9. e5 Ng8 10. Qxb7 Nd7 11.
Bb5 Rc8 12. Be3 Rc7 13. Qa6 Nh6 14. O-O-O O-O 15. e6 Bxc3 16. bxc3 Nf5 17. Bf2 Nd6 18. Bxd7 Qb8 19. Rxd6 Rb7 20. exf7+ Kg7 21. Bxc5 Rb1+ 22. Kd2 Rxh1 23. Bd4+ Kh6 24. Re6 Qb1 25. Qe2 Qc1+ 26. Kd3 Rd1+ 27. Kc4 Qa3 28. Qxd1 1-0

[Event "Early-Titled-Tuesday-Blitz-March-19-2024"]
[Site "Chess.com"]
[Date "2024.03.19"]
[Round "4"]
[White "Grossboss19"]
[Black "Igor_Lysyj"]
[Result "0-1"]
[WhiteElo "2577"]
[BlackElo "2801"]
[TimeControl "180+1"]
[EndTime "8:38:19 PDT"]
[Termination "Igor_Lysyj won by resignation"]

1. c4 e6 2. Nc3 d5 3. d4 c5 4. cxd5 exd5 5. Nf3 Nc6 6. g3 Nf6 7. Bg2 cxd4 8. Nxd4 Bc5 9. Be3 Bb6 10. O-O O-O 11. Qd2 Re8 12. Rfd1 Bg4 13. h3 Bh5 14. Rac1 Rc8 15.
g4 Bg6 16. Bf3 h5 17. Nxc6 bxc6 18. Bxb6 axb6 19. Qf4 Qe7 20. e3 hxg4 21. hxg4 Nd7 22. Bg2 Ne5 23. Ne2 Nd3 24. Rxd3 Bxd3 25. Nd4 c5 26.
Nb3 Be4 27. Bf1 Rc6 28. f3 Rf6 29. fxe4 Rxf4 30. exf4 Qxe4 31. Rd1 Qxf4 32. Rxd5 Qxg4+ 33. Kf2 Qf4+ 34. Kg1 Qg3+ 35. Kh1 Qf3+ 36. Bg2 Re1+ 37. Kh2 Qf4+ 38. Kh3 Re3+ 0-1

[Event "Early-Titled-Tuesday-Blitz-March-19-2024"]
[Site "Chess.com"]
[Date "2024.03.19"]
[Round "4"]
[White "kleber2007"]
[Black "DavidGavrilescu18"]
[Result "0-1"]
[WhiteElo "2457"]
[BlackElo "2775"]
[TimeControl "180+1"]
[EndTime "8:38:19 PDT"]
[Termination "DavidGavrilescu18 won by checkmate"]

1. d4 d5 2. c4 e6 3. Nf3 Nf6 4.
g3 Bb4+ 5. Bd2 Bd6 6. Nc3 O-O 7.
Qc2 Be7 8. e4 dxc4 9. Bxc4 Nc6 10. Be3 Ng4 11. O-O-O a6 12. h4 b5 13. Bd3 Nb4 14.
Qe2 Nxd3+ 15. Qxd3 b4 16. Na4 Bd7 17. Nc5 Bb5 18.
Qc2 Rb8 19. Ng5 Nxe3 20. fxe3 Bxg5 21. hxg5 Qxg5 22. Kb1 Qxe3 23. e5 h6 24. g4 Rfd8 25. g5 Rxd4 26. Rxd4 Qxd4 27. gxh6 Bc6 28. Rd1 Qxe5 29.
hxg7 b3 30. axb3 Rb5 31. Nd7 Bxd7 32. Rxd7 Rc5 33. Rd8+ Kxg7 34. Qg2+ Kf6 35. Rd1 Qf5+ 36. Ka2 Ra5# 0-1

[Event "Early-Titled-Tuesday-Blitz-March-19-2024"]
[Site "Chess.com"]
[Date "2024.03.19"]
[Round "4"]
[White "FairChess_on_YouTube"]
[Black "KuzubovYuriy"]
[Result "1-0"]
[WhiteElo "3136"]
[BlackElo "2903"]
[TimeControl "180+1"]
[EndTime "8:38:22 PDT"]
[Termination "FairChess_on_YouTube won on time"]

1. c4 e6 2. Nf3 d5 3. d4 Nf6 4.
Bg5 Be7 5. e3 O-O 6. Qc2 h6 7.
Bxf6 Bxf6 8. h4 c5 9. g4 cxd4 10.
g5 Qa5+ 11. Nbd2 dxe3 12. fxe3 Be7 13. gxh6 Nc6 14. Rg1 Bf6 15. hxg7 Rd8 16. Ng5 Bxg5 17. Rxg5 e5 18. Bd3 f5 19. Bxf5 Bxf5 20. Qxf5 Rd6 21. Rh5 1-0

[Event "Early-Titled-Tuesday-Blitz-March-19-2024"]
[Site "Chess.com"]
[Date "2024.03.19"]
[Round "4"]
[White "enriquebutti"]
[Black "TregubovP"]
[Result "1/2-1/2"]
[WhiteElo "2193"]
[BlackElo "2682"]
[TimeControl "180+1"]
[EndTime "8:38:25 PDT"]
[Termination "Game drawn by repetition"]

1. d4 Nf6 2. Nf3 c5 3. e3 g6 4. c3 Bg7 5. Bd3 O-O 6. Nbd2 d5 7. O-O Nc6 8. Re1 Re8 9. e4 cxd4 10. cxd4 dxe4 11.
Nxe4 Nxd4 12. Nxf6+ Bxf6 13. Ne5 Bf5 14. Bxf5 Nxf5 15.
Qb3 e6 16. Bf4 Qb6 17. Qh3 Nd4 18. Nxf7 Kxf7 19. Qxh7+ Bg7 20. Be5 Nf5 21. Bxg7 Nxg7 22. Re3 Qxb2 23. Rae1 Rac8 24. Rf3+ Ke7 25. Qxg6 Rf8 26.
Qg5+ Ke8 27. Qg6+ Ke7 28. Qg5+ Ke8 29. Qg6+ Ke7 1/2-1/2

[Event "Early-Titled-Tuesday-Blitz-March-19-2024"]
[Site "Chess.com"]
[Date "2024.03.19"]
[Round "4"]
[White "lamomiajunior"]
[Black "DanielTitichoca"]
[Result "1-0"]
[WhiteElo "2731"]
[BlackElo "2465"]
[TimeControl "180+1"]
[EndTime "8:38:27 PDT"]
[Termination "lamomiajunior won by resignation"]

1. d4 Nf6 2. c4 e6 3. Nc3 c5 4. d5 exd5 5. cxd5 d6 6. e4 g6 7. f4 Bg7 8. Bb5+ Nfd7 9. a4 O-O 10. Nf3 Na6 11. O-O Nc7 12. Bd3 Re8 13. Re1 Nf6 14.
h3 Rb8 15. Be3 b6 16. Bf2 a6 17. Bh4 Qd7 18. Bc2 Nh5 19. Qd2 b5 20. axb5 axb5 21. e5 b4 22. Ne4 dxe5 23. d6 Ne6 24. fxe5 b3 25. Bd3 Bb7 26. Bc4 Nef4 27. Nxc5 Nxh3+ 28. gxh3 Qxh3 29. Nxb7 Qxf3 30. Qg2 Qxg2+ 31. Kxg2 Rxb7 32.
Rad1 Bxe5 33. d7 Nf4+ 34. Kf3 Rxd7 35. Rxd7 Rf8 36. Rxe5 Nh5 37. Rxh5 gxh5 38. Be7 1-0

[Event "Early-Titled-Tuesday-Blitz-March-19-2024"]
[Site "Chess.com"]
[Date "2024.03.19"]
[Round "4"]
[White "Shuvalov"]
[Black "Bob_2004"]
[Result "1-0"]
[WhiteElo "2574"]
[BlackElo "2400"]
[TimeControl "180+1"]
[EndTime "8:38:28 PDT"]
[Termination "Shuvalov won on time"]

1. d4 Nf6 2. c4 e6 3. Nc3 c5 4. Nf3 cxd4 5. Nxd4 Bc5 6. Nb3 Be7 7. e4 d6 8. Be2 O-O 9. O-O a6 10. Be3 Qc7 11.
Rc1 b6 12. f3 Bb7 13. Qd2 Nbd7 14. Rfd1 Rac8 15. Nd4 Rfe8 16. Qe1 Kh8 17. Kh1 Rg8 18. Bg5 Qc5 19. Qd2 h6 20. Be3 Qc7 21. Nd5 exd5 22. cxd5 Qd8 23. Nc6 Bxc6 24. dxc6 Ne5 25. c7 Rxc7 26. Bxb6 Rxc1 27. Bxd8 Rxd1+ 28. Qxd1 Rxd8 29. Bxa6 d5 30. exd5 Rxd5 31. Qe2 Bb4 32. g3 1-0

[Event "Early-Titled-Tuesday-Blitz-March-19-2024"]
[Site "Chess.com"]
[Date "2024.03.19"]
[Round "4"]
[White "NovakRatko"]
[Black "SharapovEvgeny"]
[Result "1/2-1/2"]
[WhiteElo "2405"]
[BlackElo "2563"]
[TimeControl "180+1"]
[EndTime "8:38:28 PDT"]
[Termination "Game drawn by repetition"]

1. d4 Nf6 2. c4 e6 3. Bg5 Bb4+ 4. Nd2 h6 5. Bxf6 Qxf6 6. a3 Bxd2+ 7. Qxd2 O-O 8. e4 d6 9. Nf3 e5 10. d5 Bg4 11.
Be2 Bxf3 12. Bxf3 a5 13. O-O a4 14. b4 axb3 15. Rfb1 Nd7 16. Rxb3 Nc5 17. Rb5 Ra4 18.
Rb4 Rxb4 19. axb4 Nb3 20. Qa2 Nxa1 21. Qxa1 c6 22. dxc6 bxc6 23. Qa6 Qf4 24. h3 Qc1+ 25. Kh2 Qd2 26. b5 cxb5 27. cxb5 Qxf2 28. Qxd6 Qd4 29. Qc7 f5 30. exf5 e4 31. Be2 Rf6 32. Bc4+ Kh7 33.
Be6 e3 34. Qc8 Qf4+ 35. Kh1 Rxe6 36. Qxe6 Qf1+ 37. Kh2 e2 38. Qg6+ Kg8 39. Qe8+ Kh7 40. Qg6+ Kg8 41. Qe8+ Kh7 42. Qg6+ 1/2-1/2

[Event "Early-Titled-Tuesday-Blitz-March-19-2024"]
[Site "Chess.com"]
[Date "2024.03.19"]
[Round "4"]
[White "HajiyevKanan"]
[Black "KnightmareJoker"]
[Result "1-0"]
[WhiteElo "2522"]
[BlackElo "2293"]
[TimeControl "180+1"]
[EndTime "8:38:28 PDT"]
[Termination "HajiyevKanan won by resignation"]

1. d4 d5 2. Nf3 Nf6 3. c4 e6 4. Nc3 Be7 5. Bf4 O-O 6. e3 b6 7. cxd5 Nxd5 8. Nxd5 exd5 9. Bd3 Be6 10. Qc2 c5 11.
Bxh7+ Kh8 12. Bd3 Nc6 13. a3 c4 14. Bf5 Bd6 15. Bxe6 Bxf4 16. exf4 Qe7 17. Ng5 g6 18. O-O-O fxe6 19. Qxg6 Rf6 20. Qh5+ Kg8 21. Qg4 Rg6 22. Rhe1 Re8 23. h4 c3 24. h5 cxb2+ 25. Kxb2 Na5 26. Rc1 Rg7 27. Rxe6 Qxe6 28. Qxe6+ Rxe6 29. Rc8+ 1-0

[Event "Early-Titled-Tuesday-Blitz-March-19-2024"]
[Site "Chess.com"]
[Date "2024.03.19"]
[Round "4"]
[White "DucksParadise"]
[Black "Navyblue1"]
[Result "1-0"]
[WhiteElo "2510"]
[BlackElo "2222"]
[TimeControl "180+1"]
[EndTime "8:38:28 PDT"]
[Termination "DucksParadise won by resignation"]

1. e4 c5 2. Nf3 d6 3. Bb5+ Nd7 4.
O-O Nf6 5. Re1 Qb6 6. a4 a6 7. Bf1 g6 8. a5 Qc7 9. c3 Bg7 10. d4 cxd4 11. cxd4 e6 12. Nc3 O-O 13. Be3 Ng4 14. Bf4 b5 15. axb6 Qxb6 16. Qd2 e5 17. Nd5 Qd8 18. Bg5 f6 19. Bh4 Nb6 20. Qa5 Nxd5 21.
Qxd5+ Be6 22. Qxe6+ Kh8 23. Qxg4 1-0

[Event "Early-Titled-Tuesday-Blitz-March-19-2024"]
[Site "Chess.com"]
[Date "2024.03.19"]
[Round "4"]
[White "Elegance_Riks"]
[Black "ATM622"]
[Result "1-0"]
[WhiteElo "2765"]
[BlackElo "2487"]
[TimeControl "180+1"]
[EndTime "8:38:30 PDT"]
[Termination "Elegance_Riks won by resignation"]

1. Nf3 c6 2. c4 d5 3. g3 Nf6 4. Bg2 g6 5. b3 Bg7 6. Bb2 O-O 7.
O-O Nbd7 8. d4 Re8 9. Nbd2 Nf8 10. Re1 Bf5 11. Nh4 Be6 12. Qc2 g5 13. Nhf3 h6 14. Ne5 Rc8 15. e4 dxe4 16. Nxe4 Nxe4 17. Qxe4 f5 18. Qe2 Bf6 19. Rad1 Bf7 20. Nxf7 Kxf7 21. d5 e5 22. dxe6+ Rxe6 23. Qh5+ Kg7 24. Rxe6 Nxe6 25.
Rxd8 Rxd8 26. Bxf6+ Kxf6 27. Qxh6+ Ke5 28. Bf3 Rd3 29.
Qh8+ Kd6 30. Bh5 f4 31. Qf6 a5 32. Bg4 1-0

[Event "Early-Titled-Tuesday-Blitz-March-19-2024"]
[Site "Chess.com"]
[Date "2024.03.19"]
[Round "4"]
[White "andrew-blr"]
[Black "rezamahdavi2008"]
[Result "0-1"]
[WhiteElo "2612"]
[BlackElo "2854"]
[TimeControl "180+1"]
[EndTime "8:38:31 PDT"]
[Termination "rezamahdavi2008 won by checkmate"]

1. d4 Nf6 2. c4 e6 3. Nc3 Bb4 4.
a3 Bxc3+ 5. bxc3 b6 6. f3 Nc6 7. e4 Na5 8. e5 Ng8 9. Bd3 Ba6 10. Qe2 c5 11. f4 Rc8 12. d5 Ne7 13. d6 Ng6 14.
Nf3 O-O 15. h4 f6 16. h5 Nh8 17. Be3 fxe5 18. Nxe5 Nf7 19. Qg4 Nh6 20. Qf3 Nf5 21.
g4 Bb7 22. Qh3 Nxe3 23. Rh2 Nexc4 24. Nxc4 Nxc4 25. Bxc4 Rxf4 26. Bd3 Qg5 27. Qh4 Qe5+ 28. Kd2 Rf3 29. Re1 Qxd6 30. Re3 Rxe3 31. Kxe3 Rf8 32. h6 Rf3+ 33. Ke2 Qxd3+ 34. Ke1 Rf1# 0-1

[Event "Early-Titled-Tuesday-Blitz-March-19-2024"]
[Site "Chess.com"]
[Date "2024.03.19"]
[Round "4"]
[White "GMBenjaminBok"]
[Black "RoelandPruijssers"]
[Result "1-0"]
[WhiteElo "2976"]
[BlackElo "2701"]
[TimeControl "180+1"]
[EndTime "8:38:32 PDT"]
[Termination "GMBenjaminBok won by resignation"]

1. d4 Nf6 2. c4 g6 3. g3 Bg7 4. Bg2 O-O 5. Nc3 d6 6. Nf3 Nc6 7. O-O e5 8. dxe5 dxe5 9. Bg5 Be6 10. Qc1 Qc8 11. Rd1 Re8 12. Nd5 Nd7 13. Be3 a5 14. Ng5 Bf5 15. h3 Nd4 16. Bxd4 exd4 17. g4 Be6 18. Nf4 Nf8 19. c5 Bh6 20. Nf3 Bxg4 21. hxg4 Qxg4 22. Rxd4 Rad8 23. e3 Rxd4 24. Nxd4 Bxf4 25.
exf4 Re2 26. Qd1 1-0

[Event "Early-Titled-Tuesday-Blitz-March-19-2024"]
[Site "Chess.com"]
[Date "2024.03.19"]
[Round "4"]
[White "DarZay"]
[Black "Golubovsky"]
[Result "1-0"]
[WhiteElo "2349"]
[BlackElo "2519"]
[TimeControl "180+1"]
[EndTime "8:38:32 PDT"]
[Termination "DarZay won by checkmate"]

1. e4 c5 2. Nc3 d6 3. Nf3 Nf6 4. d4 cxd4 5. Nxd4 a6 6. a4 e5 7. Nb3 Be6 8. Be2 Nbd7 9. Be3 Qc7 10. O-O Be7 11. Nd5 Nxd5 12. exd5 Bf5 13. c4 O-O 14. a5 Bg6 15. f4 exf4 16. Bxf4 Bf6 17. Qd2 Nc5 18.
Nxc5 Qxc5+ 19. Be3 Qc7 20. Rxf6 gxf6 21. Bd4 Qe7 22. Rf1 Rfe8 23. Bg4 f5 24. Bxf5 Bxf5 25. Qh6 f6 26. Rxf5 Qe4 27. Rg5+ Kf7 28. Qg7# 1-0

[Event "Early-Titled-Tuesday-Blitz-March-19-2024"]
[Site "Chess.com"]
[Date "2024.03.19"]
[Round "4"]
[White "ajeale2"]
[Black "Saxar85"]
[Result "0-1"]
[WhiteElo "2455"]
[BlackElo "2736"]
[TimeControl "180+1"]
[EndTime "8:38:40 PDT"]
[Termination "Saxar85 won by resignation"]

1. d4 Nf6 2. Bg5 d5 3. Bxf6 exf6 4. e3 Bd6 5. g3 O-O 6. Bg2 c6 7. Ne2 f5 8. Nd2 Nd7 9. O-O Nf6 10. Nf4 Re8 11. Nd3 Be6 12. b3 Ne4 13. Nb1 g6 14. Re1 Qa5 15. f3 Nf6 16. Qd2 Qc7 17. Nc3 h5 18. f4 h4 19. gxh4 Kg7 20.
Ne5 Rh8 21. Nf3 Bb4 22. Ng5 Qa5 23. Qd3 Bxc3 24. b4 Bxb4 25. Rf1 Rxh4 26. a3 Bd6 27. Rab1 Rb8 28. Rb3 Ne4 29. Rd1 Nxg5 0-1

[Event "Early-Titled-Tuesday-Blitz-March-19-2024"]
[Site "Chess.com"]
[Date "2024.03.19"]
[Round "4"]
[White "XDPS"]
[Black "Boundless_Strike"]
[Result "1-0"]
[WhiteElo "2911"]
[BlackElo "2623"]
[TimeControl "180+1"]
[EndTime "8:38:44 PDT"]
[Termination "XDPS won by checkmate"]

1. d4 e5 2. dxe5 d6 3. exd6 Bxd6 4. g3 Nc6 5. Bg2 Qe7 6. c3 Nf6 7. Qc2 Bg4 8. Nf3 O-O-O 9. O-O h5 10. Bg5 Bxf3 11. Bxf3 h4 12. Nd2 hxg3 13. hxg3 Kb8 14.
Ne4 Qe5 15. Nxd6 Rxd6 16. Bf4 Qe6 17. Bxd6 Qh3 18. Bxc7+ Kxc7 19. Rfd1 Ne5 20. Bg2 Qh2+ 21. Kf1 Neg4 22. Qf5 Rh5 23. Qf4+ Re5 24. Qc4+ Kb6 25.
Rd6+ Ka5 26. Qb4# 1-0

[Event "Early-Titled-Tuesday-Blitz-March-19-2024"]
[Site "Chess.com"]
[Date "2024.03.19"]
[Round "4"]
[White "Chopper1905"]
[Black "profedechess93"]
[Result "1-0"]
[WhiteElo "2955"]
[BlackElo "2656"]
[TimeControl "180+1"]
[EndTime "8:38:45 PDT"]
[Termination "Chopper1905 won by resignation"]

1. g3 d5 2. Bg2 Nf6 3. d3 c5 4. Nf3 Nc6 5. O-O e5 6. Na3 Be7 7. e4 d4 8. Nc4 Qc7 9. a4 Be6 10. Nh4 O-O-O 11. f4 Bxc4 12. dxc4 d3 13. cxd3 Nb4 14.
Ra3 h5 15. Nf5 g6 16. Nxe7+ Qxe7 17. Bh3+ Ng4 18. fxe5 Kb8 19. Bxg4 hxg4 20. Qxg4 Ka8 21. Bg5 Qxe5 22. Bf6 Qd6 23. e5 Qc6 24. Bxh8 Rxh8 25. Rxf7 Nc2 26. Rb3 Ne1 27. Qe4 1-0

[Event "Early-Titled-Tuesday-Blitz-March-19-2024"]
[Site "Chess.com"]
[Date "2024.03.19"]
[Round "4"]
[White "Daaksboy"]
[Black "viktorgen2021"]
[Result "1-0"]
[WhiteElo "1995"]
[BlackElo "2465"]
[TimeControl "180+1"]
[EndTime "8:38:45 PDT"]
[Termination "Daaksboy won on time"]

1. Nf3 Nf6 2. c4 g6 3. d4 Bg7 4.
Nc3 O-O 5. e4 d6 6. Be2 e5 7.
O-O Nc6 8. d5 Ne7 9. b4 a5 10.
bxa5 Nd7 11. a4 Nc5 12. Be3 Rxa5 13. Nd2 b6 14. Nb5 f5 15. f3 f4 16. Bf2 g5 17.
Nb3 Nxb3 18. Qxb3 h5 19. Qc3 g4 20. c5 dxc5 21. Bh4 g3 22. Bc4 Kh7 23. Rad1 Qd7 24.
d6 cxd6 25. Rxd6 Qb7 26. hxg3 Ng6 27. Rxg6 Kxg6 28. Rd1 Kh7 29. gxf4 exf4 30. Qc2 Be5 31. Rd5 Qg7 32. Nd6 Be6 33. Nf5 Bxf5 34. exf5 Kh8 35. f6 Qc7 36. Qg6 Ra7 37. Qxh5+ Qh7 38. Rxe5 Rd7 39.
f7 1-0

[Event "Early-Titled-Tuesday-Blitz-March-19-2024"]
[Site "Chess.com"]
[Date "2024.03.19"]
[Round "4"]
[White "GoltsevDmitry2000"]
[Black "andrzej"]
[Result "1-0"]
[WhiteElo "2767"]
[BlackElo "2505"]
[TimeControl "180+1"]
[EndTime "8:38:46 PDT"]
[Termination "GoltsevDmitry2000 won by checkmate"]

1. e4 e5 2. Nf3 Nf6 3. Nxe5 d6 4.
Nf3 Nxe4 5. d3 Nf6 6. d4 g6 7. c4 Bg7 8. Bd3 O-O 9. O-O c5 10. d5 Bg4 11. Nc3 Nfd7 12. h3 Bxf3 13. Qxf3 Ne5 14.
Qd1 f5 15. Bf4 Nbd7 16. Re1 a6 17. Bf1 Qf6 18. Rc1 g5 19. Bh2 Qg6 20. Qc2 Rab8 21. a3 Qf7 22. b4 b6 23. Qa4 b5 24. Qxa6 Ra8 25. Qxd6 Nxc4 26. Qe6 Bxc3 27. Rxc3 cxb4 28.
axb4 Rfe8 29. Qxf7+ Kxf7 30. Rec1 Ndb6 31. d6 Nd5 32. Rd3 Nxb4 33. Rb3 Na2 34. Rc2 Nxd6 35. Bxd6 Re1 36. Rxb5 Nc1 37. Bb4 Rd1 38. Rd2 Rd8 39. Rxd8 Rxd8 40. Rxf5+ Kg6 41. Rxg5+ Kh6 42. Rc5 Na2 43.
Ba3 Rd1 44. Rc6+ Kg7 45. g3 Kf7 46. Kg2 Ke8 47. Bb5 Kd8 48. Rc2 Rb1 49. Bb2 Nb4 50.
Bf6# 1-0

[Event "Early-Titled-Tuesday-Blitz-March-19-2024"]
[Site "Chess.com"]
[Date "2024.03.19"]
[Round "4"]
[White "Ural_bogatyr"]
[Black "The_Straightforward_Rook"]
[Result "1-0"]
[WhiteElo "2597"]
[BlackElo "2423"]
[TimeControl "180+1"]
[EndTime "8:38:46 PDT"]
[Termination "Ural_bogatyr won by resignation"]

1. d4 Nf6 2. Nc3 d5 3. Bf4 e6 4. Nb5 Na6 5. e3 Be7 6. Nf3 O-O 7. Be2 Bd7 8. O-O Nh5 9. Be5 f6 10. g4 fxe5 11. gxh5 Rxf3 12. Bxf3 Bxb5 13. Be2 Bxe2 14.
Qxe2 e4 15. Qg4 Qd6 16. f3 exf3 17. Rxf3 e5 18. Raf1 Rf8 19. Rxf8+ Bxf8 20. c3 exd4 21. exd4 Nb8 22. Qf5 Nd7 23. Qf7+ Kh8 24. h6 Qg6+ 25. Qxg6 hxg6 26. Rf7 gxh6 27. Rxd7 Bd6 28. Kg2 g5 29. h3 h5 30. Kf3 a5 31. a4 b6 32. b4 Kg8 33. bxa5 bxa5 34. Rd8+ Kf7 35. Ra8 Ke6 36. Rxa5 Kf5 37. Rxd5+ 1-0

[Event "Early-Titled-Tuesday-Blitz-March-19-2024"]
[Site "Chess.com"]
[Date "2024.03.19"]
[Round "4"]
[White "RantomOpening"]
[Black "ChessAdvanceUSA"]
[Result "1-0"]
[WhiteElo "2608"]
[BlackElo "2421"]
[TimeControl "180+1"]
[EndTime "8:38:47 PDT"]
[Termination "RantomOpening won by resignation"]

1. c4 g6 2. Nf3 Bg7 3. e4 d6 4. d4 Bg4 5. Be3 Bxf3 6. Qxf3 Nc6 7. Qd1 e5 8. d5 Nd4 9. Nc3 Ne7 10. Be2 O-O 11.
Nb5 c5 12. dxc6 Nexc6 13. O-O a6 14. Nc3 Kh8 15. a3 Nxe2+ 16. Qxe2 Nd4 17. Bxd4 exd4 18. Nd5 b5 19. cxb5 axb5 20. Qxb5 Rb8 21. Qe2 d3 22.
Qxd3 Rxb2 23. Rfb1 Qa5 24. Rxb2 Bxb2 25. Ra2 Qe1+ 26.
Qf1 Qxe4 27. Rxb2 Qxd5 28. Qa1 Qd4 29. Ra2 Qxa1+ 30. Rxa1 Ra8 31. Kf1 Ra4 32. Ke2 Kg7 33. Kd3 Kf6 34. Kc3 Ke6 35. Kb3 Re4 36. a4 Kd5 37. Rc1 Re2 38. a5 Re8 39. Rc7 Ke6 40. a6 Ra8 41. a7 h5 42. Kc3 Kd5 43. Rxf7 1-0

[Event "Early-Titled-Tuesday-Blitz-March-19-2024"]
[Site "Chess.com"]
[Date "2024.03.19"]
[Round "4"]
[White "JonasEilenberg"]
[Black "Szparu"]
[Result "0-1"]
[WhiteElo "2579"]
[BlackElo "2808"]
[TimeControl "180+1"]
[EndTime "8:38:49 PDT"]
[Termination "Szparu won by checkmate"]

1. d4 Nf6 2. Nf3 c5 3. d5 b5 4. c4 e6 5. dxe6 fxe6 6. cxb5 d5 7. Bg5 Nbd7 8. e4 h6 9. Bxf6 Nxf6 10. Nbd2 dxe4 11.
Ne5 Bd6 12. Ndc4 Bxe5 13. Qxd8+ Kxd8 14. Nxe5 Kc7 15. Rc1 Bb7 16. Rxc5+ Kd6 17. b4 Rhc8 18. Nc4+ Ke7 19. Na5 Bd5 20. Bc4 Nd7 21. Bxd5 Nxc5 22.
Bxa8 Nd3+ 23. Kd2 Rxa8 24. a3 Nxf2 25. Rc1 Ng4 26. Rc7+ Kd6 27. Rxg7 Nf6 28. Ke3 Rc8 29. Nc6 a6 30. a4 axb5 31. axb5 Ra8 32. Rf7 Ra3+ 33. Kd4 Rd3+ 34. Kc4 Ng4 35. b6 Kxc6 36. b7 Ne3# 0-1